Map: Arctic Dream LE

Players

Massa - Winner!

  • Race: Terran Terran
  • League: Platinum
  • Spawn Location: 11:00

qqq - Winner!

  • Race: Zerg Zerg
  • League: Platinum
  • Spawn Location: 12:00

SZYCHA

  • Race: Zerg Zerg
  • Spawn Location: 6:00

Oecophylla

  • Race: Terran Terran
  • League: Diamond
  • Spawn Location: 5:00

VOD

Have the link to the VOD?

Description

Time

  • Played on: Jan. 19, 2021, 2:41 p.m.
  • Length: 5:56
Show
View Real Time Build Order
Export as new Build Order

Massa Terran - Winner!

Build Orders:  

Get SALT Encoding   

  12  0:00  SCV  
  13  0:12  SCV  
  14  0:17  Supply Depot  
  14  0:25  SCV  
  15  0:39  SCV  
  16  0:51  SCV  
  17  1:02  Barracks  
  17  1:05  Barracks  
  17  1:13  Barracks  
  17  1:16  SCV  
  18  1:22  Supply Depot  
  18  1:28  SCV  
  19  1:40  SCV  
  19  1:45  Supply Depot  
  20  1:49  Marine  
  20  1:52  Orbital Command  
  20  1:54  Marine  
  22  2:00  Marine  
  23  2:07  Marine  
  24  2:11  Marine  
  25  2:18  Marine  
  26  2:24  Marine  
  26  2:29  Marine  
  28  2:32  Refinery  
  28  2:35  Marine  
  29  2:42  Marine  
  30  2:44  Bunker  
  30  2:47  Marine  
  30  2:53  Marine  
  31  3:05  Marine x2  
  32  3:11  Marine  
  34  3:23  Marine x2  
  36  3:29  Marine  
  37  3:41  Marine x2  
  39  3:59  Supply Depot  
  39  4:00  Marine  
  39  4:01  Supply Depot  
  39  4:04  Marine x2  
  35  4:22  Supply Depot  
  35  4:24  Marine x3  
  29  4:25  Supply Depot  
  31  4:41  Marine  
  31  4:42  Marine x2  
  34  4:59  Marine  
  35  5:06  Marine x2  
  37  5:17  Marine  
  38  5:24  Marine x2  
  40  5:35  Marine  
Show
View Real Time Build Order
Export as new Build Order

qqq Zerg - Winner!

Build Orders: Pool First 

Get SALT Encoding   

  12  0:00  Drone  
  13  0:08  Drone  
  14  0:28  Spawning Pool  
  14  0:35  Drone  
  14  0:40  Overlord  
  14  0:43  Extractor  
  14  0:46  Drone  
  14  0:59  Drone x2  
  16  1:11  Drone  
  17  1:21  Queen, Zergling x2  
  20  1:37  Zergling x2  
  21  1:42  Extractor  
  21  1:43  Zergling x2  
  21  1:46  Metabolic Boost  
  21  1:51  Zergling x2  
  22  2:02  Overlord  
  22  2:19  Hatchery  
  22  2:20  Drone  
  22  2:25  Zergling x2  
  23  2:30  Zergling x2  
  23  2:33  Zergling x2  
  23  2:36  Zergling x2  
  26  2:43  Zergling x2  
  27  2:51  Zergling x2  
  28  2:59  Zergling x2  
  29  3:14  Zergling x2  
  29  3:15  Overlord x2  
  29  3:26  Zergling x2  
  27  3:43  Spine Crawler, Zergling x4  
  27  3:45  Zergling x4  
  30  3:53  Zergling x4  
  19  4:03  Zergling x2  
  19  4:08  Drone  
  21  4:17  Drone  
  21  4:34  Drone  
  21  4:35  Drone  
  19  4:46  Zergling x2  
  19  4:55  Drone  
  19  4:57  Drone  
  18  5:20  Drone, Zergling x2  
  18  5:21  Zergling x2  
  21  5:30  Drone, Zergling x2  
  23  5:39  Drone  
Show
View Real Time Build Order
Export as new Build Order

SZYCHA Zerg 

Build Orders: Pool First 

Get SALT Encoding   

  12  0:01  Drone  
  13  0:08  Drone  
  14  0:16  Overlord  
  15  0:35  Drone x2  
  16  0:45  Drone, Spawning Pool  
  16  0:57  Drone  
  17  1:06  Extractor, Drone  
  17  1:19  Hatchery  
  17  1:24  Drone  
  17  1:27  Drone  
  18  1:37  Spine Crawler  
  18  1:38  Drone  
  18  1:48  Drone  
  18  1:53  Queen  
  22  2:01  Zergling x2  
  22  2:09  Metabolic Boost  
  22  2:14  Overlord  
  22  2:30  Queen  
  22  2:31  Queen  
  22  2:33  Zergling x2  
  27  2:54  Zergling x10  
  27  2:55  Zergling x2  
  33  3:06  Zergling x4  
  35  3:38  Spine Crawler x2  
  35  3:39  Spine Crawler  
  35  3:40  Spine Crawler  
  31  3:42  Zergling x10  
  29  3:57  Zergling x4  
  29  3:58  Zergling x2  
  22  4:13  Zergling x2  
  22  4:14  Zergling x6  
  23  4:31  Baneling Nest  
  20  4:32  Zergling x4  
  15  4:48  Zergling x4  
Show
View Real Time Build Order
Export as new Build Order

Oecophylla Terran 

Build Orders: Gas First Reaper Expand 

Get SALT Encoding   

  12  0:00  SCV  
  13  0:12  SCV  
  14  0:17  Supply Depot  
  14  0:24  SCV  
  15  0:31  Refinery  
  15  0:38  SCV  
  16  0:44  Barracks  
  16  0:51  SCV  
  17  1:03  SCV  
  18  1:15  SCV  
  18  1:34  Orbital Command  
  18  1:36  Reaper  
  19  1:51  Command Center  
  19  1:59  Factory  
  19  2:00  SCV  
  20  2:11  Barracks Reactor  
  20  2:16  SCV  
  20  2:18  Supply Depot  
  21  2:28  SCV  
  22  2:40  SCV  
  22  2:59  Marine  
  22  3:00  Hellion  
  22  3:03  SCV x2  
  20  3:41  SCV x2  
  20  3:53  SCV x2  
  22  4:01  Supply Depot  
  22  4:05  SCV  
  22  4:06  Supply Depot  
  23  4:17  SCV  
  24  4:25  Barracks  
  24  4:28  Barracks  
  24  4:32  SCV, Barracks  
  24  4:33  Barracks  
  25  4:38  SCV, Barracks  
  25  4:40  Barracks  
  25  4:44  SCV  
  27  4:50  SCV  
  28  4:56  Supply Depot  
  28  4:57  SCV  
  28  4:58  Supply Depot  
  29  5:02  SCV  
  30  5:09  SCV  
  30  5:12  Marine  
  31  5:15  Bunker  
  31  5:16  Marine  
  31  5:19  Bunker  
  31  5:21  SCV  
  31  5:23  Marine  
  32  5:30  Marine  
  32  5:34  Marine  
  33  5:37  Bunker  
Tags
 
Add a new tag
Caveats
  • Supply blocks, unpowered buildings, or Contaminate may cause inaccurate times.
  • Supply counts are checked every 10 seconds.